 Dungeon Crawl Stone Soup version 0.18-a0-1789-gbeff17f (webtiles) character file.

95 Zhenya25pyc the Skirmisher (level 4, -4/29 HPs)
             Began as a Gargoyle Fighter on Apr 21, 2016.
             Slain by a gnoll
             ... wielding a +0 halberd
              (7 damage)
             ... on level 2 of the Dungeon.
             The game lasted 00:02:55 (1184 turns).

Zhenya25pyc the Skirmisher (Gargoyle Fighter)       Turns: 1184, Time: 00:02:55

Health: -4/29      AC: 11    Str: 21    XL:     4   Next: 66%
Magic:  4/4        EV:  9    Int:  8    God:
Gold:   93         SH:  6    Dex:  9    Spells: 0 memorised, 3 levels left

rFire  . . .     SeeInvis .     a - +0 flail
rCold  . . .     Gourm    .     b - +0 scale mail
rNeg   + . .     Faith    .     h - +2 buckler
rPois  ∞         Spirit   .     (no helmet)
rElec  +         Dismiss  .     (no cloak)
rCorr  .         Reflect  .     (no gloves)
SustAt .         Harm     .     g - +0 pair of boots
MR     .....                    (no amulet)
Stlth  ..........               (no ring)
                                (no ring)

@: not resistant to hostile enchantments, extremely unstealthy
A: negative energy resistance 1, electricity resistance, unbreathing,
petrification resistance, rot immunity, AC +3
a: no special abilities


You were on level 2 of the Dungeon.
You were not hungry.

You visited 1 branch of the dungeon, and saw 2 of its levels.

You collected 93 gold pieces.

Inventory:

Hand Weapons
 a - a +0 flail (weapon)
Armour
 b - a +0 scale mail (worn)
 g - a +0 pair of boots (worn)
 h - a +2 buckler (worn)
Scrolls
 e - 2 scrolls of teleportation {unknown}
 n - a scroll of enchant weapon {unknown}
Potions
 c - a potion of magic {unknown}
 d - 2 potions of might
 i - a potion of haste {unknown}
 j - a potion of resistance {unknown}
 k - a potion of cure mutation {unknown}
Comestibles
 f - a bread ration
 l - a chunk of flesh
 m - a meat ration


   Skills:
 + Level 4.2 Fighting
 * Level 3.4 Maces & Flails
 + Level 3.9 Armour
 - Level 3.4 Shields


You had 3 spell levels left.
You didn't know any spells.

Dungeon Overview and Level Annotations

Branches:
Dungeon (2/15)

Altars:
Makhleb


Innate Abilities, Weirdness & Mutations

You are resistant to torment.
Your stone body is resilient (AC +3).
You are immune to poison.
You resist negative energy.
You are resistant to electric shocks.
You can survive without breathing.
You are immune to petrification.
You are immune to rotting.


Message History

The gnoll closely misses you. The gnoll hits you but does no damage.
The gnoll hits you from afar with a halberd!
You hit the gnoll.
The gnoll is heavily wounded.
The gnoll closely misses you. The gnoll barely misses you.
You hit the gnoll but do no damage.
The gnoll is heavily wounded.
The gnoll hits you but does no damage.
The gnoll hits you from afar with a halberd!
* * * LOW HITPOINT WARNING * * *
You barely miss the gnoll.
The gnoll is heavily wounded.
You block the gnoll's attack.
The gnoll hits you from afar with a halberd.
* * * LOW HITPOINT WARNING * * *
You hit the gnoll.
You kill the gnoll!
The gnoll hits you from afar with a halberd!
You die...

#...# #.(.# #...# #...#
###### # #...# ...... .
#...# ####....!.
.######...#########..$......
...)............@)gg.....>..
#.#####....########g.†......
#..# ####.# #......... ##.#
#.# #...#####. #.## #.#
##### #..# #.# ##.# #.#
##.######.# #..........


You could see 3 gnolls.

Vanquished Creatures
  A hound (D:2)
  A gnoll (D:2)
  3 dart slugs (D:1)
  5 bats (D:1)
  3 giant cockroaches
  9 goblins
  5 hobgoblins
  3 jackals (D:1)
  8 kobolds
  A quokka (D:2)
  2 giant newts (D:1)
  7 rats
48 creatures vanquished.

Notes
Turn   | Place    | Note
--------------------------------------------------------------
     0 | D:1      | Zhenya25pyc the Gargoyle Fighter began the quest for the Orb.
     0 | D:1      | Reached XP level 1. HP: 14/14 MP: 1/1
   123 | D:1      | Reached XP level 2. HP: 15/19 MP: 2/2
   267 | D:1      | Reached XP level 3. HP: 7/24 MP: 3/3
   856 | D:1      | Reached skill level 4 in Fighting
  1027 | D:2      | Reached XP level 4. HP: 29/29 MP: 4/4
  1044 | D:2      | Found a burning altar of Makhleb.
  1184 | D:2      | Slain by a gnoll

Vault maps used:
D:1:      dpeg_arrival_subterranean_lakeside_camping, minmay_bisected
D:2:      makhleb_blood_cavern_becter

Skill      XL: |  1  2  3 |
---------------+----------+-----
Fighting       | 4 |  4.2
Maces & Flails | 3 |  3.4
Armour         | |  3.9
Shields        | |  3.4

Action                   |  1- 3 |  4- 6 || total
-------------------------+-------+-------++-------
Melee: Flail             |   170 |    24 ||   194
  Eat: Chunk             |     1 |       ||     1
Armor: Scale mail        |   137 |     9 ||   146
Dodge: Dodged            |    92 |    12 ||   104
Block: Shield            |    82 |       ||    82
       Buckler           |    28 |     5 ||    33
